Map: Hard Lead LE

Players

jwbrain

  • Race: Terran Terran
  • League: Diamond
  • Spawn Location: 11:00

Cosmic - Winner!

  • Race: Protoss Protoss
  • League: Platinum
  • Spawn Location: 5:00

VOD

Have the link to the VOD?

Description

Time

  • Played on: Oct. 17, 2023, 6:31 p.m.
  • Length: 15:25
Show
View Real Time Build Order
Export as new Build Order

jwbrain Terran 

Build Orders:  

Get SALT Encoding   

  12  0:00  SCV  
  13  0:12  SCV  
  14  0:19  Supply Depot  
  14  0:25  SCV  
  15  0:37  Refinery  
  15  0:40  SCV  
  16  0:45  Barracks  
  16  0:52  SCV  
  17  1:04  SCV  
  18  1:17  SCV  
  19  1:39  Supply Depot  
  19  1:43  Orbital Command  
  19  2:01  Marine  
  20  2:10  SCV  
  20  2:14  Factory  
  21  2:18  Command Center  
  21  2:29  Bunker, SCV  
  22  2:30  Marine  
  22  2:37  Refinery  
  23  2:41  SCV  
  24  2:52  Marine  
  24  2:54  SCV  
  26  3:06  SCV  
  26  3:08  Cyclone  
  29  3:16  Marine  
  30  3:28  SCV  
  30  3:31  Starport  
  30  3:33  Orbital Command  
  31  3:45  Cyclone  
  32  4:09  SCV x2  
  34  4:16  Liberator  
  37  4:21  SCV  
  38  4:26  Factory Tech Lab  
  38  4:28  Barracks  
  38  4:32  SCV  
  38  4:33  SCV  
  40  4:49  SCV x2  
  42  4:56  Barracks  
  42  4:58  Widow Mine  
  44  5:10  Starport Tech Lab  
  44  5:14  SCV x2  
  44  5:20  Barracks Tech Lab  
  46  5:24  Barracks Reactor  
  46  5:48  Banshee  
  46  5:50  Supply Depot  
  46  5:51  Supply Depot  
  46  5:52  Supply Depot  
  44  6:07  Stimpack  
  44  6:08  Barracks Reactor, Marine x2  
  44  6:09  Marine  
  45  6:11  Cyclone  
  45  6:14  Armory  
  45  6:15  Orbital Command  
  47  6:26  Marine  
  47  6:31  Marine x2  
  48  6:39  Banshee  
  49  6:42  SCV  
  49  6:43  SCV  
  49  6:44  Marine  
  50  6:49  Marine x2  
  49  7:05  Marine x3  
  49  7:07  Marine x2  
  54  7:11  Thor  
  54  7:14  Terran Vehicle Weapons Level 1  
  60  7:21  SCV  
  59  7:23  Marine x2  
  34  8:28  Thor  
  34  8:31  SCV  
  34  8:32  SCV  
  40  8:42  Medivac  
  40  8:44  SCV x2  
  36  9:03  SCV x2  
  36  9:04  Marine x5  
  43  9:15  SCV  
  44  9:17  Command Center  
  44  9:20  Command Center  
  44  9:22  Marine  
  43  9:36  SCV x2  
  44  9:48  SCV  
  43  9:53  SCV  
  43  9:58  Factory Tech Lab  
  44  10:00  SCV  
  44  10:05  SCV  
  39  10:15  Marine x3, SCV  
  39  10:16  Marine  
  40  10:22  SCV  
  40  10:27  SCV  
  38  10:30  Orbital Command  
  38  10:33  Marine x3  
  33  10:43  Barracks  
  33  10:45  Barracks  
  33  10:46  Barracks  
  33  10:48  Barracks  
  33  10:49  Barracks  
  29  10:55  Thor  
  26  11:09  SCV x2  
  26  11:10  SCV  
  24  11:19  Orbital Command  
  21  11:31  Marine x2  
  23  11:33  SCV  
  24  11:46  SCV x2  
  24  11:47  SCV  
  25  11:53  Marine x2  
  27  11:58  SCV  
  26  12:09  SCV x2  
  26  12:11  SCV  
  29  12:19  Marine  
  29  12:20  Marine  
  29  12:21  SCV x2  
  34  12:24  Marine x2  
  35  12:31  Barracks, SCV  
  35  12:32  Barracks  
  35  12:33  SCV  
  30  12:37  SCV  
  30  12:41  Raven  
  24  13:05  SCV  
  23  13:12  Barracks Reactor  
  22  13:13  Barracks Tech Lab  
  22  13:17  SCV  
  21  13:25  Barracks Reactor, Barracks Tech Lab  
  20  13:29  SCV  
  18  13:40  Command Center  
  18  13:41  SCV  
  19  13:53  SCV  
  16  14:32  Marine  
  16  14:33  Marine x2  
  16  14:34  SCV  
  20  14:46  SCV  
  20  14:50  Marine x3  
  24  14:58  SCV  
  25  15:10  SCV  
Show
View Real Time Build Order
Export as new Build Order

Cosmic Protoss - Winner!

Build Orders:  

Get SALT Encoding   

  12  0:02  Probe  
  13  0:15  Probe  
  13  0:17  Pylon  
  14  0:27  Probe (Chrono Boost)  
  15  0:38  Probe (Chrono Boost)  
  15  0:39  Forge  
  16  0:44  Probe (Chrono Boost)  
  17  1:01  Pylon  
  17  1:21  Gateway  
  17  1:25  Photon Cannon  
  17  1:37  Probe  
  17  1:58  Pylon  
  17  2:03  Photon Cannon  
  19  2:08  Zealot  
  19  2:12  Cybernetics Core  
  19  2:15  Assimilator  
  19  2:16  Assimilator  
  19  2:17  Probe  
  20  2:37  Probe  
  21  2:48  Shield Battery  
  21  2:50  Shield Battery  
  21  2:53  Adept (Chrono Boost)  
  23  3:12  Stargate  
  23  3:29  Shield Battery  
  23  3:31  Shield Battery  
  25  3:55  Photon Cannon  
  23  3:56  Pylon  
  23  4:00  Void Ray (Chrono Boost)  
  27  4:14  Photon Cannon  
  27  4:21  Shield Battery  
  27  4:31  Fleet Beacon  
  27  5:03  Photon Cannon  
  27  5:11  Tempest (Chrono Boost)  
  26  5:44  Tempest (Chrono Boost)  
  30  6:10  Probe  
  31  6:22  Probe  
  32  6:31  Tempest (Chrono Boost)  
  32  6:34  Probe  
  34  7:05  Photon Cannon  
  33  7:27  Pylon  
  33  7:29  Probe  
  33  8:01  Tempest (Chrono Boost)  
  38  9:06  Tempest (Chrono Boost)  
  43  9:17  Pylon  
  43  9:29  Shield Battery  
  43  10:11  Tempest (Chrono Boost)  
  43  10:58  Tempest  
  48  12:00  Tempest (Chrono Boost)  
  53  12:49  Pylon  
  53  12:50  Pylon  
  53  12:51  Oracle (Chrono Boost)  
  51  14:15  Probe  
  52  14:22  Assimilator  
  52  14:27  Probe  
Tags
 
Add a new tag
Caveats
  • Supply blocks, unpowered buildings, or Contaminate may cause inaccurate times.
  • Supply counts are checked every 10 seconds.